[Event "Titled Tuesday Blitz April 18 Early 2023"]
[White "Beerdsen, Thomas"]
[Black "Lazavik, Denis"]
[WhiteFideId "1030108"]
[BlackFideId "13515110"]
[WhiteElo "2547"]
[BlackElo "2560"]
[Result "0-1"]
[Round "03"]
[TimeControl "180+2"]
[Date "2023.04.18"]
[WhiteClock "0:00:02"]
[BlackClock "0:00:05"]

1. e4 c5 2. Nf3 e6 3. d4 cxd4 4. Bg5 Qa5+ 5. c3 dxc3 6. Nxc3 Nc6 7. Bd3 Be7 8. Bd2 Qd8 9. O-O d6 10. Qe2 Nf6 11. Rfd1 O-O 12. Rac1 a6 13. Bg5 h6 14. Bh4 Nh5 15. Bxe7 Qxe7 16. Bb1 Nf6 17. e5 dxe5 18. Nxe5 Nxe5 19. Qxe5 b5 20. Ne4 Ne8 21. Nc5 Ra7 22. b4 Rc7 23. h3 Nf6 24. Rc3 Nd5 25. Rg3 f6 26. Qh5 Kh8 27. Nd3 Bd7 28. Re1 Be8 29. Qh4 Rc4 30. Rg4 Rxg4 31. Qxg4 Bf7 32. a3 e5 33. Nc5 Bg8 34. f4 a5 35. fxe5 fxe5 36. Nd3 Nf6 37. Qh4 e4 38. Nf4 Bh7 39. bxa5 Qxa3 40. Kh2 Qd6 41. Qg3 Qb8 42. Rf1 b4 43. a6 Re8 44. Kh1 e3 45. Re1 Bxb1 46. Rxb1 Kg8 47. Re1 b3 48. Qf3 b2 49. Nh5 Nxh5 50. Qxh5 b1=Q 51. Rxb1 Qxb1+ 52. Kh2 Qb8+ 53. Kh1 e2 0-1


[Site "https://www.chess.com"]

[Event "Titled Tuesday Blitz April 18 Early 2023"]
[White "Bryant, John Daniel"]
[Black "Smirnov, Pavel"]
[WhiteFideId "2031280"]
[BlackFideId "4123425"]
[WhiteElo "2455"]
[BlackElo "2519"]
[Result "0-1"]
[Round "03"]
[TimeControl "180+2"]
[Date "2023.04.18"]
[WhiteClock "0:00:02"]
[BlackClock "0:00:18"]

1. e4 e5 2. Nf3 Nc6 3. d4 exd4 4. Nxd4 Nf6 5. Nxc6 bxc6 6. e5 Qe7 7. Qe2 Nd5 8. c4 Ba6 9. Nd2 g6 10. Nf3 Qb4+ 11. Kd1 Rb8 12. Qc2 Ne7 13. Qb3 c5 14. Bd2 Qb6 15. Ba5 Qb7 16. Qxb7 Bxb7 17. Kc2 Bxf3 18. gxf3 Nc6 19. Bxc7 Rb7 20. Bd6 Bxd6 21. exd6 Rb6 22. Rd1 O-O 23. Bd3 Rfb8 24. b3 Nd4+ 25. Kc3 Rxd6 26. Be4 Rf6 27. Rd3 a5 28. Rhd1 Kg7 29. R1d2 a4 30. b4 d6 31. b5 Rf4 32. Rxd4 cxd4+ 33. Rxd4 f5 34. Bc2 Rxd4 35. Kxd4 a3 36. Kd5 Rb6 37. Bd3 Kf8 38. c5 dxc5 39. Kxc5 Rb8 40. b6 Ke7 0-1


[Site "https://www.chess.com"]

[Event "Titled Tuesday Blitz April 18 Early 2023"]
[White "chessfatbear"]
[Black "Tang, Andrew"]
[BlackFideId "2059630"]
[WhiteElo "2788"]
[BlackElo "2596"]
[Result "0-1"]
[Round "03"]
[TimeControl "180+2"]
[Date "2023.04.18"]
[WhiteClock "0:00:02"]
[BlackClock "0:00:05"]

1. Nf3 d5 2. d4 Nf6 3. c4 e6 4. Nc3 Be7 5. Bg5 h6 6. Bh4 O-O 7. e3 b6 8. Bd3 Bb7 9. O-O Nbd7 10. Qe2 c5 11. cxd5 Nxd5 12. Bxe7 Qxe7 13. Nxd5 Bxd5 14. dxc5 Nxc5 15. Bc4 Bb7 16. Rac1 Rfd8 17. b4 Ne4 18. Qb2 Rac8 19. Be2 Qf6 20. Nd4 Rxc1 21. Qxc1 Rc8 22. Qa3 e5 23. Qxa7 Bd5 24. Nb5 Rc2 25. Bd3 Rd2 26. Qb8+ Kh7 27. Bxe4+ Bxe4 28. Nc3 Bd3 29. Nd5 Qxf2+ 0-1


[Site "https://www.chess.com"]

[Event "Titled Tuesday Blitz April 18 Early 2023"]
[White "Brunner, Nicolas"]
[Black "Ivanchuk, Vasyl"]
[WhiteFideId "620246"]
[BlackFideId "14100010"]
[WhiteElo "2327"]
[BlackElo "2710"]
[Result "0-1"]
[Round "03"]
[TimeControl "180+2"]
[Date "2023.04.18"]
[WhiteClock "0:00:40"]
[BlackClock "0:00:54"]

1. Nf3 Nf6 2. g3 b5 3. Bg2 Bb7 4. d4 e6 5. O-O c5 6. c3 Be7 7. a4 b4 8. Bg5 Na6 9. Nbd2 O-O 10. Re1 Rc8 11. e4 bxc3 12. bxc3 cxd4 13. cxd4 Nb4 14. Qb3 a5 15. e5 Nfd5 16. Bxe7 Nxe7 17. Ne4 Bd5 18. Qe3 Nc2 19. Qg5 Bxe4 20. Rxe4 Nxa1 21. Qh5 f5 22. exf6 Rxf6 23. Ne5 Ng6 24. Rg4 Rf5 25. Qh3 Nxe5 26. dxe5 Qb6 0-1


[Site "https://www.chess.com"]

[Event "Titled Tuesday Blitz April 18 Early 2023"]
[White "Svane, Frederik"]
[Black "Mahdavi, Reza"]
[WhiteFideId "12923044"]
[BlackFideId "12595926"]
[WhiteElo "2502"]
[BlackElo "2357"]
[Result "0-1"]
[Round "03"]
[TimeControl "180+2"]
[Date "2023.04.18"]
[WhiteClock "0:00:01"]
[BlackClock "0:00:59"]

1. g3 Nf6 2. Nf3 g6 3. Bg2 Bg7 4. O-O O-O 5. c4 d6 6. d4 c6 7. Nc3 Qa5 8. h3 Be6 9. Qd3 Qa6 10. b3 d5 11. Nd2 Rd8 12. Bb2 dxc4 13. bxc4 Nbd7 14. e3 Ne5 15. Qc2 Nxc4 16. Nxc4 Bxc4 17. Rfc1 Rac8 18. Na4 Bd3 19. Qb3 Nd7 20. Nc5 Nxc5 21. Rxc5 e6 22. a4 Qb6 23. Qc3 Ba6 24. h4 Bf8 25. h5 Qc7 26. Ra5 Bg7 27. h6 Bh8 28. Rc1 Qe7 29. Ba3 Qd7 30. Bc5 Ra8 31. Ba3 Rac8 32. Bc5 Ra8 33. Qb3 e5 34. dxe5 Bxe5 35. Bxa7 Qd2 36. Rxe5 Qxc1+ 37. Kh2 Rxa7 38. Re7 Rf8 39. Qb4 Qa1 40. Be4 Qf6 0-1


[Site "https://www.chess.com"]

[Event "Titled Tuesday Blitz April 18 Early 2023"]
[White "Yuan, Qingyu"]
[Black "Kramnik, Vladimir"]
[WhiteFideId "8609772"]
[BlackFideId "4101588"]
[WhiteElo "2359"]
[BlackElo "2712"]
[Result "0-1"]
[Round "03"]
[TimeControl "180+2"]
[Date "2023.04.18"]
[WhiteClock "0:00:02"]
[BlackClock "0:00:12"]

1. e4 c5 2. Nf3 e6 3. c3 Nf6 4. e5 Nd5 5. g3 d6 6. exd6 Bxd6 7. Bg2 O-O 8. O-O Nc6 9. d4 cxd4 10. Nxd4 Nxd4 11. Qxd4 Qc7 12. c4 Be5 13. Qe4 Nf6 14. Qe2 Bd7 15. Nd2 Rac8 16. Nf3 Bd6 17. b3 e5 18. Bb2 Rfe8 19. Rad1 Bg4 20. h3 Bh5 21. g4 Bg6 22. Nh4 Bc5 23. Rfe1 e4 24. Bxf6 gxf6 25. Rd5 e3 26. f4 Qxf4 27. Nf5 Qf2+ 28. Kh1 Bb4 29. Qxf2 exf2 30. Rf1 Re1 31. Kh2 Bxf5 32. Rxf5 Bd6+ 33. Kh1 Bg3 34. h4 Rd8 35. Rf3 Bxh4 36. Rh3 Bg5 37. Kh2 Rd2 38. Kg3 Be3 39. Rhh1 Rxf1 40. Bxf1 Rxa2 41. Kf3 Bc5 42. Rh5 b6 43. Rd5 a5 44. Rd3 Ra1 45. Kg2 Kg7 46. Rf3 Kg6 47. Bd3+ Kg5 48. Kh3 Rh1+ 49. Kg2 Rh4 50. Bf5 h5 51. gxh5 Kxh5 52. Rh3 Rxh3 53. Bxh3 Kh4 54. Bd7 Kg5 55. Kf1 Kf4 56. Ba4 Ke3 57. Bc6 f5 58. Ba4 f4 59. Bc6 Kd3 60. Ba4 f3 61. Bc6 Kc3 62. Ba4 Kb2 63. b4 axb4 64. Bb3 Kc3 65. Ba2 Bd6 66. Bb3 Kxb3 67. c5 bxc5 68. Kxf2 c4 69. Ke1 c3 70. Kd1 c2+ 71. Kd2 Bf4+ 72. Kd3 c1=Q 73. Ke4 Qe3+ 74. Kf5 Qe5+ 75. Kg4 Qe4 76. Kh4 Qg6 0-1


[Site "https://www.chess.com"]

[Event "Titled Tuesday Blitz April 18 Early 2023"]
[White "Bortnyk, Olexandr"]
[Black "Csonka, Balazs"]
[WhiteFideId "14120828"]
[BlackFideId "742910"]
[WhiteElo "2734"]
[BlackElo "2404"]
[Result "1-0"]
[Round "03"]
[TimeControl "180+2"]
[Date "2023.04.18"]
[WhiteClock "0:01:16"]
[BlackClock "0:00:01"]

1. d4 e6 2. Nc3 d5 3. e4 Bb4 4. Qd3 dxe4 5. Qxe4 Nf6 6. Qh4 c5 7. Nf3 Nc6 8. dxc5 Bxc3+ 9. bxc3 Qa5 10. Qc4 e5 11. Bd2 O-O 12. Qb5 Qa3 13. Be2 Ne4 14. Qc4 Nxd2 15. Nxd2 Be6 16. Qd3 Rad8 17. Qe3 Qb2 18. O-O Qxc2 19. Ne4 f5 20. Nd6 f4 21. Qf3 e4 22. Qxe4 Qxe4 23. Nxe4 Bd5 24. Nd6 b6 25. Rfd1 Be6 26. Bb5 Na5 27. c6 1-0


[Site "https://www.chess.com"]

[Event "Titled Tuesday Blitz April 18 Early 2023"]
[White "Puranik, Abhimanyu"]
[Black "Harshavardhan G B"]
[WhiteFideId "5061245"]
[BlackFideId "25059009"]
[WhiteElo "2477"]
[BlackElo "2323"]
[Result "1-0"]
[Round "03"]
[TimeControl "180+2"]
[Date "2023.04.18"]
[WhiteClock "0:00:43"]
[BlackClock "0:00:11"]

1. c4 Nf6 2. Nc3 e5 3. Nf3 Nc6 4. e3 g6 5. d4 exd4 6. exd4 Bg7 7. Be2 O-O 8. d5 Ne7 9. O-O d6 10. h3 Re8 11. Bd3 Bf5 12. Re1 Bxd3 13. Qxd3 Qd7 14. Bf4 Nh5 15. Bg5 h6 16. Bd2 Kh7 17. Rac1 Ng8 18. b3 Rxe1+ 19. Rxe1 a6 20. Qe2 Nhf6 21. Qd3 Re8 22. Rxe8 Qxe8 23. g4 Nd7 24. b4 Ngf6 25. Kg2 Kg8 26. a4 Ne5 27. Nxe5 Qxe5 28. a5 Nd7 29. f4 Qe7 30. Qe4 Kf8 31. Qxe7+ Kxe7 32. Kf3 f5 33. Ne2 fxg4+ 34. hxg4 Kf7 35. Ng3 Bd4 36. Ne4 Kg7 37. Be1 Nf6 38. Ng3 Nd7 39. Ne2 Bf6 40. Bf2 Kf7 41. Ke4 Bb2 42. Bd4 Bxd4 43. Nxd4 Nf8 44. f5 Kf6 45. Ne6 Nxe6 46. fxe6 Ke7 47. c5 Ke8 48. c6 bxc6 49. dxc6 Ke7 50. b5 axb5 51. a6 b4 52. a7 b3 53. a8=Q b2 54. Qb7 Kxe6 55. Qxb2 d5+ 1-0


[Site "https://www.chess.com"]

[Event "Titled Tuesday Blitz April 18 Early 2023"]
[White "Kushko, Dmitriy"]
[Black "Shimanov, Aleksandr"]
[WhiteFideId "14162261"]
[BlackFideId "4198603"]
[WhiteElo "2230"]
[BlackElo "2631"]
[Result "1/2-1/2"]
[Round "03"]
[TimeControl "180+2"]
[Date "2023.04.18"]
[WhiteClock "0:00:28"]
[BlackClock "0:00:18"]

1. f4 d5 2. Nf3 g6 3. g3 c5 4. Bg2 Nc6 5. O-O Nh6 6. d3 d4 7. e4 dxe3 8. Bxe3 Bg7 9. c3 Qa5 10. Nbd2 Ng4 11. Qe2 Nxe3 12. Qxe3 O-O 13. Nb3 Qc7 14. Nxc5 b6 15. Nb3 Ba6 16. Rfe1 Rad8 17. d4 e6 18. Ne5 Ne7 19. a4 Nf5 20. Qf2 Nd6 21. a5 Bb5 22. axb6 axb6 23. Nd2 Rc8 24. Ra3 Be8 25. Rea1 Nb5 26. Ra8 Rxa8 27. Rxa8 Nd6 28. h3 Bb5 29. Rxf8+ Bxf8 30. Bf1 Be8 31. Qf3 b5 32. Nb3 b4 33. Nc5 bxc3 34. bxc3 Nf5 35. Ne4 Kg7 36. g4 Nd6 37. Nxd6 Bxd6 38. g5 Ba4 39. c4 Qa5 40. c5 Bc7 41. Qe3 Qb4 42. h4 Bc2 43. Kf2 Bf5 44. Kg3 Qb2 45. Bd3 Qc3 46. Kf2 Qb2+ 47. Be2 Qa1 48. Bg4 Qh1 49. Bxf5 Qxh4+ 50. Qg3 Qxg3+ 51. Kxg3 gxf5 52. Nd7 1/2-1/2


[Site "https://www.chess.com"]

[Event "Titled Tuesday Blitz April 18 Early 2023"]
[White "Sjugirov, Sanan"]
[Black "Atakishiyev, Elmar"]
[WhiteFideId "4189302"]
[BlackFideId "13410547"]
[WhiteElo "2569"]
[BlackElo "2239"]
[Result "0-1"]
[Round "03"]
[TimeControl "180+2"]
[Date "2023.04.18"]
[WhiteClock "0:00:01"]
[BlackClock "0:00:11"]

1. e4 c5 2. Nf3 e6 3. c3 d5 4. exd5 exd5 5. Bb5+ Nc6 6. d4 Nf6 7. O-O Be7 8. dxc5 Bxc5 9. Re1+ Be6 10. Be3 Bd6 11. Nbd2 O-O 12. Nb3 a6 13. Bf1 h6 14. Bc5 Re8 15. Bxd6 Qxd6 16. Nfd4 Rad8 17. Qf3 Bc8 18. Qg3 Qxg3 19. hxg3 Ne4 20. Rad1 Ne5 21. Re2 h5 22. Nd2 Bg4 23. f3 Nxg3 24. fxg4 Nxe2+ 25. Bxe2 Nxg4 26. Bxg4 hxg4 27. Nf1 g6 28. Kf2 f5 29. Ne3 Re4 30. Ndc2 Kg7 31. Rd2 Rf4+ 32. Kg3 Re4 33. Kf2 Rf4+ 34. Ke2 Re4 35. Kd3 Kf6 36. Rf2 Kg5 37. Rf1 f4 38. Nxd5 Re5 39. c4 b5 40. b3 bxc4+ 41. bxc4 Rf8 42. Nd4 Rf7 43. Nc3 Re3+ 44. Kc2 Rc7 45. Nde2 Rxc4 46. Kd2 Rc8 47. Nd5 Rd8 48. Nxf4 Re5 49. Kc3 Rdxd5 50. Nxd5 Rxd5 51. Rf2 Ra5 52. Kb4 Rb5+ 53. Kc4 Kh4 54. Rf6 Ra5 55. Kb3 g5 56. a4 Kg3 57. Kb4 Re5 58. Rxa6 Kxg2 59. Rd6 g3 0-1


[Site "https://www.chess.com"]

[Event "Titled Tuesday Blitz April 18 Early 2023"]
[White "Weetik, Vjacheslav"]
[Black "Deac, Bogdan-Daniel"]
[WhiteFideId "4153472"]
[BlackFideId "1226380"]
[WhiteElo "2469"]
[BlackElo "2649"]
[Result "0-1"]
[Round "03"]
[TimeControl "180+2"]
[Date "2023.04.18"]
[WhiteClock "0:00:06"]
[BlackClock "0:00:07"]

1. d4 Nf6 2. Bf4 d5 3. e3 c5 4. c3 Nc6 5. Nd2 e6 6. Bd3 Be7 7. h3 Bd6 8. Bxd6 Qxd6 9. f4 cxd4 10. cxd4 Qb4 11. Rb1 Ne7 12. g4 h5 13. g5 Ne4 14. Bxe4 dxe4 15. Qb3 Qa5 16. Qa3 Qxa3 17. bxa3 Nf5 18. Kf2 b6 19. Ne2 Ba6 20. Rhc1 Kd7 21. Rb3 Rac8 22. Rbc3 Bxe2 23. Kxe2 Nd6 24. a4 Rxc3 25. Rxc3 Rc8 26. Rxc8 Kxc8 27. Kd1 Kb7 28. Kc2 Kc6 29. Kc3 Kd5 30. Nf1 Nf5 31. Kd2 Kc4 32. Kc2 Kb4 33. Nd2 Nxe3+ 34. Kc1 Nd5 35. Nxe4 Nxf4 36. Nd6 Nxh3 37. Nxf7 h4 38. g6 Nf4 39. Ng5 h3 40. d5 exd5 0-1


[Site "https://www.chess.com"]

[Event "Titled Tuesday Blitz April 18 Early 2023"]
[White "Aradhya, Garg"]
[Black "Terry, Renato"]
[WhiteFideId "25006746"]
[BlackFideId "3803457"]
[WhiteElo "2263"]
[BlackElo "2575"]
[Result "1-0"]
[Round "03"]
[TimeControl "180+2"]
[Date "2023.04.18"]
[WhiteClock "0:00:39"]
[BlackClock "0:00:48"]

1. d4 e6 2. e4 d5 3. e5 c5 4. c3 Qb6 5. Nf3 Bd7 6. Be2 cxd4 7. Nxd4 Nc6 8. Nxc6 Bxc6 9. O-O Ne7 10. Nd2 Ng6 11. Nf3 Qc7 12. Qd4 Be7 13. Re1 f6 14. Bd3 Nxe5 15. Nxe5 fxe5 16. Rxe5 Bd7 17. Bf4 Bd6 18. Bg3 Bxe5 19. Bxe5 Qb6 20. Qh4 Qc5 21. Bg6+ hxg6 22. Qxh8+ Qf8 23. Qh4 Rc8 24. Re1 Rc4 25. Bd4 Qf5 26. Qh7 Kd8 27. Qxg7 Kc7 28. h4 b6 29. b3 Rc6 30. Be5+ Kc8 31. Qg8+ Kb7 32. Qg7 Kc8 33. Re3 Qb1+ 34. Kh2 1-0


[Site "https://www.chess.com"]

[Event "Titled Tuesday Blitz April 18 Early 2023"]
[White "Lenderman, Aleksandr"]
[Black "Srihari L R"]
[WhiteFideId "2021285"]
[BlackFideId "46617116"]
[WhiteElo "2607"]
[BlackElo "2334"]
[Result "0-1"]
[Round "03"]
[TimeControl "180+2"]
[Date "2023.04.18"]
[WhiteClock "0:01:58"]
[BlackClock "0:01:21"]

1. Nf3 Nf6 2. c4 e6 3. Nc3 d5 4. e3 c6 5. b3 Bd6 6. Bb2 O-O 7. d4 Nbd7 8. Be2 b6 9. O-O Bb7 10. Qc2 Qe7 11. Rfe1 Rfe8 12. e4 dxe4 13. Nxe4 Nxe4 14. Qxe4 Nf6 15. Qc2 c5 16. d5 exd5 17. Bd3 Ne4 18. cxd5 f5 19. Rad1 Rad8 20. Bb5 Rf8 21. g3 Qf7 22. Bc4 Kh8 23. Rxe4 fxe4 24. Ng5 Qg6 25. Ne6 Rd7 26. Nxf8 Bxf8 27. Qe2 Bd6 28. Re1 Re7 29. a4 h6 30. Qe3 Bc8 31. h4 Bg4 32. Be2 Bf3 33. Bf1 Bxg3 0-1


[Site "https://www.chess.com"]

[Event "Titled Tuesday Blitz April 18 Early 2023"]
[White "Iliaguev, Nisim"]
[Black "Narayanan.S.L"]
[WhiteFideId "2817276"]
[BlackFideId "5058422"]
[WhiteElo "2241"]
[BlackElo "2547"]
[Result "1/2-1/2"]
[Round "03"]
[TimeControl "180+2"]
[Date "2023.04.18"]
[WhiteClock "0:00:23"]
[BlackClock "0:00:21"]

1. d4 Nf6 2. Nf3 g6 3. g3 Bg7 4. Bg2 O-O 5. O-O d6 6. b3 a5 7. a4 Na6 8. Bb2 c6 9. Nbd2 d5 10. c4 Bf5 11. Ne5 Nb4 12. Bc3 e6 13. Bxb4 axb4 14. h3 h5 15. Re1 Nd7 16. Nef3 e5 17. dxe5 Nxe5 18. Nxe5 Bxe5 19. Ra2 dxc4 20. Nxc4 Bc3 21. Qxd8 Raxd8 22. Rc1 Rd7 23. a5 Rfd8 24. a6 bxa6 25. Bxc6 Rd1+ 26. Rxd1 Rxd1+ 27. Kg2 Be6 28. Rxa6 Rb1 29. Na5 Ra1 30. Ra8+ Kg7 31. Nc4 Rb1 32. Na5 Be5 33. Ra7 Ra1 34. Ra8 Rc1 35. Nc4 Bxc4 36. bxc4 b3 37. Be4 b2 38. Ra5 Bf6 39. Rb5 Rxc4 40. Bd3 Rc1 41. Kf3 Bc3 42. Rb3 f5 43. g4 fxg4+ 44. hxg4 h4 45. Kg2 Be5 46. Kh3 g5 47. e3 Re1 48. Be4 Kf6 49. Kg2 Ke7 50. Bf5 Kd6 51. Rb5 Bc3 52. Rb3 Rc1 53. f4 gxf4 54. exf4 Kc5 55. g5 Kc4 56. Be6+ Kd3 57. g6 b1=Q 58. Rxb1 Rxb1 59. Bf5+ Ke3 60. Bxb1 Kxf4 61. Kh3 Bf6 62. Bc2 Kg5 63. Bd3 1/2-1/2


[Site "https://www.chess.com"]

[Event "Titled Tuesday Blitz April 18 Early 2023"]
[White "Paravyan, David"]
[Black "Korchmar, Vasiliy"]
[WhiteFideId "4194985"]
[BlackFideId "24131750"]
[WhiteElo "2563"]
[BlackElo "2370"]
[Result "1-0"]
[Round "03"]
[TimeControl "180+2"]
[Date "2023.04.18"]
[WhiteClock "0:00:47"]
[BlackClock "0:00:01"]

1. e4 c5 2. Nf3 d6 3. d4 cxd4 4. Nxd4 Nf6 5. Nc3 Nc6 6. Be2 g6 7. Be3 Bg7 8. Qd2 O-O 9. h4 d5 10. exd5 Nxd5 11. Nxd5 Qxd5 12. Bf3 Qe5 13. c3 Nxd4 14. cxd4 Qb5 15. a4 Qa6 16. h5 Bf5 17. h6 Bf6 18. Be2 Qd6 19. O-O Rfd8 20. Rfd1 Be4 21. Rac1 Rac8 22. Rxc8 Rxc8 23. Rc1 Rd8 24. Qa5 a6 25. Bf4 Qd7 26. Be5 Bc6 27. Bg4 Qd5 28. Qxd5 Bxd5 29. Rc7 Bg5 30. Bc8 Bxh6 31. Bxb7 Bxb7 32. Rxb7 Bg7 33. Rxe7 Bxe5 34. dxe5 Rd4 35. b3 Rb4 36. e6 fxe6 37. Rxe6 Rxb3 38. Rxa6 Rb1+ 39. Kh2 Rb3 40. Ra7 Ra3 41. a5 Kh8 42. a6 Kg8 43. f3 Kh8 44. Kg3 Ra4 45. f4 h5 46. Kf3 Kg8 47. g3 Kh8 48. Ke3 Ra3+ 49. Kd4 Rxg3 50. Rb7 1-0


[Site "https://www.chess.com"]

[Event "Titled Tuesday Blitz April 18 Early 2023"]
[White "jinbojinbo"]
[Black "Pranesh M"]
[BlackFideId "35028600"]
[WhiteElo "2713"]
[BlackElo "2437"]
[Result "0-1"]
[Round "03"]
[TimeControl "180+2"]
[Date "2023.04.18"]
[WhiteClock "0:00:01"]
[BlackClock "0:00:49"]

1. c4 Nf6 2. g3 g6 3. Bg2 Bg7 4. d4 O-O 5. Nc3 c5 6. d5 d6 7. e4 a6 8. a4 e6 9. Nf3 exd5 10. cxd5 Re8 11. Nd2 Bg4 12. Qc2 Qc7 13. O-O c4 14. h3 Bc8 15. a5 Nbd7 16. Ra4 b5 17. axb6 Nxb6 18. Ra3 Nfd7 19. Na4 Nxa4 20. Qxa4 c3 21. bxc3 Bb7 22. Qc4 Nc5 23. Nb3 a5 24. Nxc5 Ba6 25. Qa4 Bxf1 26. Kxf1 Qxc5 27. Be3 Qc7 28. Kg1 Bxc3 29. f4 Bb4 30. Ra2 Bc5 31. Bxc5 Qxc5+ 32. Kh2 h5 33. Rb2 h4 34. gxh4 Qe3 35. f5 Qf4+ 36. Kh1 Qc1+ 37. Kh2 Qxb2 0-1


[Site "https://www.chess.com"]

[Event "Titled Tuesday Blitz April 18 Early 2023"]
[White "Kosteniuk, Alexandra"]
[Black "Steinberg, Nitzan"]
[WhiteFideId "4128125"]
[BlackFideId "2801795"]
[WhiteElo "2453"]
[BlackElo "2486"]
[Result "1/2-1/2"]
[Round "03"]
[TimeControl "180+2"]
[Date "2023.04.18"]
[WhiteClock "0:00:14"]
[BlackClock "0:00:23"]

1. e4 c5 2. c3 d6 3. d4 Nd7 4. Nf3 Ngf6 5. Bd3 g6 6. O-O Bg7 7. Re1 O-O 8. h3 e5 9. Be3 d5 10. Nbd2 cxd4 11. cxd4 dxe4 12. Nxe4 Nxe4 13. Bxe4 Nf6 14. Bc2 exd4 15. Bxd4 Be6 16. Bb3 Bxb3 17. Qxb3 Qd5 18. Qa3 Qb5 19. Rad1 a6 20. Re5 Nd5 21. Re4 Rfe8 22. Rxe8+ Rxe8 23. Bxg7 Kxg7 24. Nd4 Qc4 25. Qb3 Qxb3 26. Nxb3 Nf4 27. Kf1 h5 28. h4 Rc8 29. g3 Ne6 30. Ke2 Kf6 31. Rd7 Rc2+ 32. Rd2 Rxd2+ 33. Kxd2 Ke5 34. Ke3 Kd5 35. Kd3 b6 36. Nd2 Nc5+ 37. Ke3 Na4 38. b3 Nc3 39. a3 b5 40. Kd3 Nd1 41. Ke2 Nb2 42. Ke3 a5 43. f3 a4 44. g4 axb3 45. Nxb3 Nc4+ 46. Kf4 Nxa3 47. gxh5 gxh5 48. Kg5 Kc4 49. Na5+ Kb4 50. Nc6+ Kc5 51. Ne5 Nc4 52. Nd3+ Kd4 53. Nb4 Ne5 54. Kxh5 Nxf3 55. Kg4 Nxh4 56. Kxh4 f5 57. Kg3 Ke3 58. Nd5+ Ke4 59. Nb4 f4+ 60. Kf2 f3 61. Nc6 Kf4 62. Nb4 Ke4 63. Nc6 Kd5 64. Nb4+ Kc4 65. Na6 b4 66. Nxb4 Kxb4 67. Kxf3 1/2-1/2


[Site "https://www.chess.com"]

[Event "Titled Tuesday Blitz April 18 Early 2023"]
[White "Drozdowski, Kacper"]
[Black "Williams, Simon K"]
[WhiteFideId "1136720"]
[BlackFideId "404454"]
[WhiteElo "2497"]
[BlackElo "2468"]
[Result "1-0"]
[Round "03"]
[TimeControl "180+2"]
[Date "2023.04.18"]
[WhiteClock "0:00:08"]
[BlackClock "0:00:01"]

1. e4 d6 2. d4 Nf6 3. Nc3 Nbd7 4. Nf3 e5 5. Bc4 Be7 6. O-O c6 7. a4 Qc7 8. h3 h6 9. Re1 Nf8 10. a5 g5 11. d5 Ng6 12. a6 b5 13. Bf1 b4 14. Na2 c5 15. c3 bxc3 16. Nxc3 g4 17. hxg4 Bxg4 18. Qa4+ Kf8 19. Nh2 Bd7 20. Bb5 Rb8 21. Bxd7 Nxd7 22. Qc6 Qd8 23. Nf3 Rb6 24. Qa4 h5 25. Nb5 Qb8 26. Na3 Nf6 27. Nc4 Rb4 28. Qc2 Qc8 29. Bd2 Rb8 30. Ne3 h4 31. Nf5 h3 32. g3 Ng4 33. Nh2 Nxh2 34. Kxh2 Qd7 35. Bh6+ Kg8 36. Be3 Bf6 37. Qe2 Ne7 38. Qg4+ Kf8 39. Nh6 Qxg4 40. Nxg4 Kg7 41. Reb1 Rb4 42. f3 Rhb8 43. Ra2 Nc8 44. Kxh3 Nb6 45. Bd2 Rb3 46. Kg2 Nc4 47. Bc1 Na3 48. Rba1 Nc2 49. Bh6+ Kg6 50. Rc1 Nd4 51. Be3 Rxb2+ 52. Rxb2 Rxb2+ 53. Kf1 Nb3 54. Rc3 Bd8 55. Rc4 Bb6 56. Nf2 Na5 57. Rc1 c4 58. Bxb6 Rxb6 59. Ng4 Rxa6 60. Ne3 Nb3 61. Rc3 Ra4 62. Kf2 Na5 63. f4 exf4 64. gxf4 Kf6 65. Kf3 Rb4 66. Rc1 Nb3 67. Rd1 a5 68. Nc2 Rb5 69. Ke3 a4 70. Rh1 Ra5 71. Rh8 a3 72. Rc8 a2 73. Rxc4 a1=Q 74. Nxa1 Rxa1 75. Rc6 Ke7 76. Rc7+ Ke8 77. Rc6 Kd7 78. Rb6 Nc5 79. e5 Ra3+ 80. Kd4 Ra4+ 81. Ke3 Re4+ 82. Kf3 Rc4 83. Rxd6+ Ke7 84. Rf6 Rc3+ 85. Kg4 Rd3 86. d6+ Ke8 87. Rh6 Ne6 88. Rh8+ Kd7 89. Rh7 Ke8 90. Rh8+ Kd7 91. Rh7 Ke8 92. f5 Rd4+ 93. Kg3 Ng5 94. Rg7 Ne4+ 95. Kf3 Nc5 96. Rg8+ Kd7 97. Rf8 Rd3+ 98. Kf4 Rd4+ 99. Kf3 Kc6 100. Rxf7 Nd3 101. Re7 Kd5 102. Kg3 Nxe5 103. d7 Ke4 104. f6 Rd3+ 105. Kh4 Kf4 106. Rxe5 Kxe5 107. Kg5 Rg3+ 108. Kh6 Kxf6 109. d8=Q+ Kf5 110. Qd5+ Kf4 111. Kh7 Rg5 112. Qd4+ Kf5 113. Kh6 Rg6+ 114. Kh5 Re6 115. Qd3+ Kf4 116. Qf1+ Ke5 117. Kg5 Rd6 118. Qe2+ Kd5 119. Kf5 Kc6 120. Qc4+ Kd7 121. Ke5 Rc6 122. Qf7+ Kc8 123. Kd5 Ra6 124. Kc5 Kb8 125. Qe8+ Kc7 126. Qb5 Re6 127. Qb2 Kd7 128. Qg7+ Re7 129. Qg4+ Kc7 130. Qf5 Rd7 131. Qe5+ Kb7 132. Qe4+ Kc7 133. Qa8 Re7 134. Qa7+ Kd8 135. Qb8+ Kd7 136. Kd5 Rf7 137. Qd6+ Ke8 138. Qb8+ Kd7 139. Qb2 Rf5+ 140. Ke4 Rf7 141. Qb6 Re7+ 142. Kd5 Ke8 143. Qg6+ Kd7 144. Qg4+ Ke8 145. Kd6 Kf7 146. Qh5+ Kf8 147. Qh8+ Kf7 148. Qh7+ Kf8 149. Qxe7+ 1-0


[Site "https://www.chess.com"]

[Event "Titled Tuesday Blitz April 18 Early 2023"]
[White "Manukyan, Sargis A."]
[Black "Alekseenko, Kirill"]
[WhiteFideId "13303970"]
[BlackFideId "4135539"]
[WhiteElo "2187"]
[BlackElo "2683"]
[Result "0-1"]
[Round "03"]
[TimeControl "180+2"]
[Date "2023.04.18"]
[WhiteClock "0:00:08"]
[BlackClock "0:00:14"]

1. d4 d5 2. c4 dxc4 3. e4 Nf6 4. e5 Nd5 5. Bxc4 Nb6 6. Bb3 Nc6 7. Ne2 Bf5 8. Nbc3 e6 9. Be3 Qd7 10. O-O O-O-O 11. Qc1 Kb8 12. Rd1 Nb4 13. Ng3 Bg6 14. Nce4 Qc6 15. Nc5 Bxc5 16. dxc5 N6d5 17. Bg5 f6 18. exf6 gxf6 19. Bh4 Nd3 20. Rxd3 Bxd3 21. Bxd5 exd5 22. Qc3 Be4 23. Nxe4 dxe4 24. Bxf6 Rd3 25. Bxh8 Rxc3 26. Bxc3 Qxc5 27. Re1 Qc4 28. a3 b5 29. f3 Qc5+ 30. Kf1 exf3 31. gxf3 Kb7 32. Kg2 Qg5+ 33. Kf2 Qh4+ 34. Kg2 c5 35. Re5 Kc6 36. Re6+ Kd5 37. Re5+ Kd6 38. Re4 Qg5+ 39. Rg4 Qf5 40. Re4 Qg6+ 41. Rg4 Qc2+ 42. Kg3 a5 43. h4 b4 44. axb4 axb4 45. Bg7 c4 46. h5 Ke6 47. h6 Qc1 48. Re4+ Kd5 49. Rd4+ Kc5 50. Re4 c3 51. bxc3 bxc3 52. Bxc3 Qxc3 53. Kg4 Qf6 54. Rf4 Qg6+ 55. Kh3 Qxh6+ 56. Kg3 Qg5+ 57. Rg4 Qe5+ 58. Kh3 Qf5 59. Kg3 Kd6 60. Re4 Qg5+ 61. Kf2 Kd5 62. Ke2 Qg2+ 63. Ke3 h6 64. Kf4 Qg5# 0-1


[Site "https://www.chess.com"]

[Event "Titled Tuesday Blitz April 18 Early 2023"]
[White "Durarbayli, Vasif"]
[Black "Colas, Joshua"]
[WhiteFideId "13402935"]
[BlackFideId "2044447"]
[WhiteElo "2551"]
[BlackElo "2347"]
[Result "1-0"]
[Round "03"]
[TimeControl "180+2"]
[Date "2023.04.18"]
[WhiteClock "0:00:04"]
[BlackClock "0:00:01"]

1. e4 c6 2. d4 d5 3. exd5 cxd5 4. c4 Nf6 5. Nc3 g6 6. cxd5 Bg7 7. Qb3 O-O 8. Be2 Nbd7 9. Nh3 Nb6 10. Nf4 Bf5 11. O-O Ne4 12. Be3 h6 13. a4 Nxc3 14. bxc3 g5 15. Nh5 Qxd5 16. c4 Qd7 17. Nxg7 Kxg7 18. d5 e6 19. Rfd1 exd5 20. a5 Nc8 21. Rxd5 Qe6 22. Qb2+ Kg8 23. Rad1 Be4 24. Re5 Qc6 25. f3 Bg6 26. h4 f6 27. Red5 Bf7 28. Rc5 Qe6 29. Bd4 Bg6 30. hxg5 hxg5 31. Bf1 Nd6 32. Rd5 Nf5 33. Bf2 Rf7 34. Re1 Qc6 35. Qd2 Raf8 36. c5 a6 37. Bc4 Kg7 38. g4 Nh6 39. Qc3 1-0


[Site "https://www.chess.com"]